 Dungeon Crawl Stone Soup version 0.27.1 (webtiles) character file.

Game seed: 16904172565565763366

10105 DearestLeader the Cleaver (level 11, -6/80 HPs)
             Began as a Demonspawn Abyssal Knight on Aug 30, 2021.
             Was a High Priest of Lugonu.
             Shot with an arrow by a centaur warrior (26 damage)
             ... on level 9 of the Dungeon.
             The game lasted 00:24:40 (13653 turns).

DearestLeader the Cleaver (DsAK)                   Turns: 13653, Time: 00:24:42

Health: -6/80      AC: 21    Str: 15    XL:     11   Next: 31%
Magic:  17/17      EV:  5    Int: 15    God:    Lugonu [*****.]
Gold:   356        SH: 16    Dex: 12    Spells: 10/10 levels left

rFire    . . .     SeeInvis +   q - +3 broad axe (flame)
rCold    . . .     Faith    .   a - +0 buckler
rNeg     . . .     Spirit   .   s - +2 plate armour {rPois}
rPois    +         Reflect  +   (helmet unavailable)
rElec    .         Harm     .   x - +0 cloak
rCorr    .         Rampage  .   v - +0 pair of gloves
Will     .....                  B - +0 pair of boots
Stlth    ..........             y - amulet of reflection
HPRegen  0.23/turn              h - +4 ring of protection
MPRegen  0.15/turn              I - ring of see invisible

@: no status effects
A: horns 3, large bone plates 2, demonic guardian 2
a: Renounce Religion, Depart the Abyss, Bend Space, Banish, Corrupt, Enter the
Abyss


You were on level 9 of the Dungeon.
You worshipped Lugonu.
Lugonu was extremely pleased with you.
You visited 1 branch of the dungeon, and saw 9 of its levels.
You visited the Abyss 1 time.

You collected 624 gold pieces.
You spent 268 gold pieces at shops.

Inventory:

Hand Weapons
 q - a +3 broad axe of flaming (weapon)
 E - a +4 hunting sling of flaming
 M - a +0 longbow
Missiles
 c - 58 poisoned darts (quivered)
 k - 114 arrows
 t - a throwing net
 N - 45 sling bullets
Armour
 a - a +0 buckler (worn)
 n - a +0 tower shield
 s - a +2 plate armour of poison resistance (worn)
 v - a +0 pair of gloves (worn)
 w - the +2 pair of gloves "Tiwnup" {rElec rC- SInv}
   (You found it on level 5 of the Dungeon)

   rC:        It makes you vulnerable to cold.
   rElec:     It insulates you from electricity.
   SInv:      It lets you see invisible.
 x - a +0 cloak (worn)
 z - a +0 chain mail
 B - a +0 pair of boots (worn)
 L - a +1 ring mail of fire resistance
Jewellery
 h - a +4 ring of protection (left hand)
 m - a ring of magical power
 y - an amulet of reflection (around neck)
 C - an amulet of regeneration
 I - a ring of see invisible (right hand)
 J - a ring of magical power
Wands
 i - a wand of flame (10)
 K - a wand of paralysis (10)
Scrolls
 d - 2 scrolls of immolation
 e - 3 scrolls of magic mapping
 f - a scroll of enchant armour {unknown}
 g - a scroll of noise {unknown}
 l - 3 scrolls of amnesia
 r - 2 scrolls of fear
 u - a scroll of enchant weapon
 A - a scroll of fog
 F - 2 scrolls of identify
 O - a scroll of vulnerability {unknown}
Potions
 b - a potion of ambrosia {unknown}
 j - 4 potions of curing
 o - 2 potions of lignification {unknown}
 p - 2 potions of cancellation
 D - 2 potions of heal wounds
 G - a potion of mutation
 H - a potion of might


   Skills:
 + Level 5.5 Fighting
 * Level 13.2 Axes
 + Level 4.8 Armour
 - Level 1.0 Dodging
 - Level 4.0 Shields
 + Level 8.1 Invocations


You had 10 spell levels left.
You didn't know any spells.
Your spell library contained the following spells:

 Spells                   Type           Power      Damage    Failure   Level
 Magic Dart               Conj           0%         1d3       100%        1
 Blink                    Tloc           N/A        N/A       100%        2
 Call Imp                 Summ           0%         N/A       100%        2
 Searing Ray              Conj           0%         3d3       100%        2
 Lesser Beckoning         Tloc           0%         N/A       100%        3
 Mephitic Cloud           Conj/Pois/Air  0%         N/A       100%        3
 Fulminant Prism          Conj/Hex       0%         3d6       100%        4
 Passage of Golubria      Tloc           N/A        N/A       100%        4
 Manifold Assault         Tloc           0%         N/A       100%        5
 Silence                  Hex/Air        0%         N/A       100%        5
 Lehudib's Crystal Spear  Conj/Erth      0%         10d2      100%        8


Dungeon Overview and Level Annotations

Branches:
Dungeon (9/15)             Temple (0/1) D:5             Orc (0/2) D:9
   Lair: D:8-11

Altars:
Ashenzari
Dithmenos
Fedhas
Hepliaklqana
Kikubaaqudgha
Nemelex Xobeh
Sif Muna
Uskayaw
Wu Jian
Xom
Zin

Shops:
D:2 *   D:5 !   D:6 (!*(!   D:7 (


Innate Abilities, Weirdness & Mutations

You have a pair of large horns on your head.
You are mostly covered in large bone plates. (SH +6)
A demonic guardian rushes to your aid.


Message History

Your headbutt misses the vampire mosquito.
The vampire mosquito is heavily damaged.
You block the vampire mosquito's attack.
The vampire mosquito bites you but does no damage.
You hit the vampire mosquito. You burn the vampire mosquito.
The vampire mosquito is severely damaged.
You block the vampire mosquito's attack.
The vampire mosquito bites you but does no damage.
You hit the vampire mosquito. You burn the vampire mosquito.
The vampire mosquito is almost destroyed.
A centaur warrior comes into view. It is wielding a staff of poison.
You block the vampire mosquito's attack. x2
The centaur warrior moves out of view.
You miss the vampire mosquito.
Your headbutt misses the vampire mosquito.
The vampire mosquito is almost destroyed.
The vampire mosquito bites you but does no damage.
You slash the vampire mosquito! You burn the vampire mosquito.
You destroy the vampire mosquito!
Lugonu accepts your kill.
The centaur warrior wields a +0 longbow.
The centaur warrior shoots an arrow.
The arrow hits you!
* * * LOW HITPOINT WARNING * * *
A demonic guardian appears!
You hear a roar!
You swap places.
The centaur warrior unwields a +0 longbow.
The centaur warrior wields a staff of poison.
The centaur warrior hits you with a staff of poison.
* * * LOW HITPOINT WARNING * * *
You block the centaur warrior's attack.
Things that are here:
a +0 giant club; a +0 giant spiked club; a two-headed ogre corpse You swap places.
The centaur warrior wields a +0 longbow.
The centaur warrior shoots an arrow.
The arrow barely misses your hellwing.
You reflect the arrow off an invisible shield around you!
The arrow hits your hellwing!!
The centaur warrior shoots an arrow.
The arrow closely misses your hellwing. The arrow hits you!!
You die...

#.#.#.#..##.# #.#..#.8.#
#)8)#
##.##...#....###....#...#
#)))#
.#.#)##..#.#.##..#..#####
##)##
...).#.#..##....##..# #.#
#))#
##)###############..# #.#
##.## .....# ##
#..###.####..# ##.###
#c##........>..## ..#..#
#4#))########## ##.###
##@#).# )....# ##.##..#
##.###########.###..#
#..# #..##.#.#.#[#..#
.#.###..#.##.#.#.#..#
......##.##..#.#.#..#
##.#.##.#..#.#.#.#..#
#..##.##..#.....#..#
##################..#


You could see a centaur warrior (ally target) and a friendly hellwing
(summoned).

Vanquished Creatures
  Harold (D:9)
  A centaur warrior (D:9)
  2 two-headed ogres (D:9)
  Pikel (D:8)
  Joseph (D:9)
  Maurice (D:8)
  A kobold demonologist (D:9)
  A tengu conjurer (D:8)
  A troll (D:9)
  Grinder (D:5)
  2 wyverns
  2 vampire mosquitoes (D:9)
  Edmund (D:4)
  An acid dragon (D:9)
  2 water moccasins
  2 orc warriors (D:9)
  3 sky beasts
  2 black bears
  2 necrophages
  3 ice beasts
  An ogre (D:6)
  2 centaurs
  2 kobold brigands (D:9)
  2 gnoll sergeants (D:9)
  2 bullfrogs
  A wyvern zombie (D:8)
  8 wights
  13 killer bees
  3 howler monkeys
  A centaur zombie (D:7)
  A crimson imp (D:4)
  2 bullfrog skeletons
  A hound (D:5)
  2 gnoll shamans
  Crazy Yiuf (D:5)
  10 orc priests
  3 jellies
  A scorpion zombie (D:5)
  Ijyb (D:3)
  An iguana (D:5)
  Natasha (D:3)
  6 orc wizards
  A killer bee zombie (D:9)
  A hound skeleton (D:4)
  2 howler monkey zombies
  Robin (D:4)
  7 gnolls (D:9)
  7 adders
  4 white imps
  2 ufetubi
  An adder zombie (D:5)
  68 orcs
  5 ball pythons
  10 endoplasms
  2 giant cockroaches
  14 goblins
  7 hobgoblins
  6 jackals
  3 quokkas
  A bat (D:2)
  3 frilled lizards
  11 kobolds
  8 rats
260 creatures vanquished.

Vanquished Creatures (collateral kills)
  A water moccasin (D:5)
  A water moccasin zombie (D:5)
  3 killer bees (D:7)
  A wight (D:7)
  4 orc priests
  Natasha (twice) (D:3)
  An adder (D:5)
  A white imp (D:4)
  A kobold (D:4)
15 creatures vanquished.

Vanquished Creatures (others)
  A human (D:8)
1 creature vanquished.

Grand Total: 276 creatures vanquished

Notes
Turn   | Place    | Note
-------+----------+-------------------------------------------
     0 | Abyss:1  | DearestLeader the Demonspawn Abyssal Knight began the quest
                  | for the Orb.
     0 | Abyss:1  | Reached XP level 1. HP: 18/18 MP: 2/2
    75 | Abyss:1  | Noticed a dire elephant skeleton
    98 | Abyss:1  | Noticed a raiju
   102 | Abyss:1  | Noticed a kobold demonologist
   104 | D:1      | Escaped the Abyss
   149 | D:1      | Reached * piety under Lugonu
   278 | D:1      | Reached skill level 1 in Dodging
   294 | D:1      | Reached skill level 2 in Axes
   598 | D:1      | Found a faded altar of an unknown god.
   647 | D:1      | Gained mutation: You are partially covered in large bone
                  | plates. (SH +4) [demonic ancestry]
   647 | D:1      | Reached XP level 2. HP: 24/24 MP: 4/4
  1502 | D:2      | Reached skill level 1 in Shields
  1502 | D:2      | Gained mutation: You have a pair of small horns on your
                  | head. [demonic ancestry]
  1502 | D:2      | Reached XP level 3. HP: 15/29 MP: 5/5
  1784 | D:2      | Found Icyl Yta's Assorted Antiques.
  2817 | D:3      | Gained mutation: A weak demonic guardian rushes to your
                  | aid. [demonic ancestry]
  2817 | D:3      | Reached XP level 4. HP: 30/35 MP: 6/6
  2865 | D:3      | Found a shimmering blue altar of Sif Muna.
  2865 | D:3      | Noticed Ijyb
  3246 | D:3      | Noticed Natasha
  3255 | D:3      | Killed Ijyb
  3256 | D:3      | Reached skill level 3 in Axes
  3259 | D:3      | Killed Natasha
  3394 | D:3      | Noticed Natasha
  3405 | D:3      | Killed Natasha
  3406 | D:3      | Gained mutation: You have a pair of horns on your head.
                  | [demonic ancestry]
  3406 | D:3      | Reached XP level 5. HP: 28/41 MP: 7/7
  3577 | D:3      | Noticed Natasha
  3584 | D:3      | Killed Natasha
  4042 | D:4      | Found a broken altar of Ashenzari.
  4049 | D:4      | Noticed Robin
  4074 | D:4      | Reached ** piety under Lugonu
  4154 | D:4      | Killed Robin
  4215 | D:4      | Gained mutation: A demonic guardian rushes to your aid.
                  | [demonic ancestry]
  4215 | D:4      | Reached XP level 6. HP: 24/47 MP: 9/9
  4796 | D:4      | Found a blossoming altar of Fedhas.
  4798 | D:4      | Found a hide-covered altar of Uskayaw.
  4801 | D:4      | Found a shimmering altar of Xom.
  4884 | D:4      | Reached skill level 4 in Axes
  5217 | D:4      | Noticed Edmund
  5239 | D:4      | Killed Edmund
  5571 | D:4      | Reached *** piety under Lugonu
  6034 | D:5      | Entered Level 5 of the Dungeon
  6034 | D:5      | Noticed an ice beast
  6183 | D:5      | Found an ornate altar of the Wu Jian Council.
  6193 | D:5      | Reached XP level 7. HP: 48/52 MP: 10/10
  6228 | D:5      | Reached skill level 5 in Invocations
  6384 | D:5      | Reached skill level 5 in Axes
  6883 | D:5      | Reached skill level 6 in Axes
  7096 | D:5      | Identified the +2 pair of gloves "Tiwnup" {rElec rC- SInv}
  7147 | D:5      | Found a runed translucent door.
  7148 | D:5      | Noticed Crazy Yiuf
  7251 | D:5      | Killed Crazy Yiuf
  7503 | D:5      | Found Ypazxowu's Distillery.
  7643 | D:5      | Noticed Grinder
  7677 | D:5      | Killed Grinder
  7678 | D:5      | Reached skill level 7 in Axes
  7678 | D:5      | Reached XP level 8. HP: 59/59 MP: 11/11
  8276 | D:5      | Found a staircase to the Ecumenical Temple.
  8346 | D:6      | Found Ecwer's Antique Weapon Shop.
  8443 | D:6      | Bought a runed broad axe for 168 gold pieces
  8536 | D:6      | Reached skill level 8 in Axes
  8686 | D:6      | Reached skill level 5 in Fighting
  8741 | D:6      | Found Vikuk's Distillery.
  8747 | D:6      | Found Zoschuic's Assorted Antiques.
  8801 | D:6      | Found Deleax's Distillery.
  8807 | D:6      | Bought 2 potions of heal wounds for 100 gold pieces
  8863 | D:6      | Reached **** piety under Lugonu
  8890 | D:6      | Found Teruwiex's Weapon Shoppe.
  8905 | D:6      | Found a sparkling altar of Nemelex Xobeh.
  9025 | D:7      | Found Deluqax's Antique Weapon Emporium.
  9082 | D:7      | Reached XP level 9. HP: 24/68 MP: 12/12
  9300 | D:7      | Reached skill level 9 in Axes
 10385 | D:7      | Reached skill level 10 in Axes
 10584 | D:7      | Noticed a boulder beetle
 10956 | D:8      | Reached skill level 11 in Axes
 11115 | D:8      | Found an ancient bone altar of Kikubaaqudgha.
 11141 | D:8      | Noticed a tengu conjurer
 11148 | D:8      | Killed a tengu conjurer
 11149 | D:8      | Gained mutation: You have a pair of large horns on your
                  | head. [demonic ancestry]
 11149 | D:8      | Reached XP level 10. HP: 41/74 MP: 13/13
 11432 | D:8      | Noticed Maurice
 11441 | D:8      | Killed Maurice
 11584 | D:8      | Noticed Pikel
 11597 | D:8      | Killed Pikel
 11598 | D:8      | Reached skill level 12 in Axes
 11758 | D:8      | Found a hazy altar of Hepliaklqana.
 11967 | D:9      | Noticed Harold
 11972 | D:9      | Killed Harold
 12088 | D:9      | Noticed a centaur warrior
 12098 | D:9      | Killed a centaur warrior
 12427 | D:9      | Found a shadowy altar of Dithmenos.
 12509 | D:9      | Noticed Joseph
 12569 | D:9      | Killed Joseph
 12857 | D:9      | Reached ***** piety under Lugonu
 12918 | D:9      | Gained mutation: You are mostly covered in large bone
                  | plates. (SH +6) [demonic ancestry]
 12918 | D:9      | Reached XP level 11. HP: 74/79 MP: 16/16
 13060 | D:9      | Found a staircase to the Orcish Mines.
 13283 | D:9      | Reached skill level 13 in Axes
 13444 | D:9      | Noticed a two-headed ogre
 13458 | D:9      | Killed a two-headed ogre
 13635 | D:9      | Noticed a two-headed ogre
 13643 | D:9      | Killed a two-headed ogre
 13649 | D:9      | Noticed a centaur warrior
 13653 | D:9      | Shot with an arrow by a centaur warrior

Illustrated notes

Levels and vault maps discovered:
D:1:      wander_arrival_chamber, layout_loops_ring,
          chequers_ecumenical_altar_simple
D:2:      layout_loops_cross, serial_shops, nicolae_shop_behind_doors
D:3:      layout_basic, lemuel_tele_altar, uniq_ijyb, uniq_natasha
D:4:      layout_loops_ring, grunt_temple_overflow_open,
          serial_co_window_serial, co_window_paths_a,
          co_window_of_opportunity_a, co_window_paths_a, co_window_paths_a,
          co_window_paths_b, co_window_corner_a, co_window_of_opportunity_a,
          co_window_unsneaky_path_e, co_window_broadway_c, co_window_paths_c,
          co_window_unsneaky_path_c, co_window_corner_ca, co_window_4corner_b,
          co_window_paths_d, minmay_fire_ice_demons, uniq_robin, uniq_edmund
D:5:      layout_loops_ring, nicolae_wu_jian_wuxing_cycle,
          minmay_temple_entry_enclosed_plants, serial_shops,
          nicolae_shop_crystal, corexii_corridor_pit, uniq_grinder,
          uniq_crazy_yiuf_cottage
D:6:      layout_loops_ring, nemelex_spade_bored_becter, serial_shops,
          kennysheep_mini, kennysheep_little_box, nicolae_stop_n_shop_2,
          nicolae_diamond_shop, shop, feat_on_display
D:7:      cheibrodos_barr_body, layout_basic, serial_shops,
          nicolae_stop_n_shop_1
D:8:      layout_loops_ring, mainiacjoe_overflow_six_doors_small,
          tgw_kikubaaqudgha, grunt_decor_cap, minmay_misc_feat_five,
          uniq_maurice, uniq_pikel
D:9:      minmay_the_grid_square_5x5_3x3 [minmay_the_grid_square_5x5_bite,
          minmay_the_grid_square_5x5_lines,
          minmay_the_grid_square_5x5_bracketed,
          minmay_the_grid_square_5x5_n_small,
          minmay_the_grid_square_5x5_megaprize_diamond,
          minmay_the_grid_square_5x5_comb, minmay_the_grid_square_5x5_three,
          minmay_the_grid_square_5x5_percent,
          minmay_the_grid_square_5x5_hourglass], layout_basic,
          amcnicky_altar_gilded, hiddenorc2_lemuel,
          gammafunk_ghost_berserking_beasts, serial_shops,
          nicolae_shop_statue_plus, minmay_misc_feat_more_columns, minivault_1,
          uniq_joseph, uniq_harold

Skill      XL: |  1  2  3  4  5  6  7  8  9 10 11 |
---------------+----------------------------------+-----
Dodging        | 1 |  1.0
Axes           | 2 3 4 7 8 11 12 13 | 13.2
Armour         | 2 4 |  4.8
Invocations    | 3 4 5 7 8 |  8.1
Shields        | 1 2 3 4 |  4.0
Fighting       | 5 |  5.5

Action                   |  1- 3 |  4- 6 |  7- 9 | 10-12 || total
-------------------------+-------+-------+-------+-------++-------
Melee: Hand axe          |   135 |   182 |   161 |       ||   478
       Headbutt          |     2 |    23 |    56 |    31 ||   112
       Dagger            |       |     7 |       |       ||     7
       Broad axe         |       |       |   187 |   233 ||   420
Invok: Depart the Abyss  |     1 |       |       |       ||     1
  Use: Scroll            |       |     6 |     4 |     2 ||    12
       Potion            |       |     1 |     1 |     2 ||     4
 Stab: Distracted        |       |       |     1 |       ||     1
       Sleeping          |       |       |     1 |       ||     1
Armor: Leather armour    |    38 |       |       |       ||    38
       Robe              |       |    24 |    88 |     4 ||   116
       Plate armour      |       |       |       |    72 ||    72
       Ring mail         |       |       |       |     1 ||     1
Dodge: Dodged            |    73 |    68 |   128 |    24 ||   293
Block: Other             |     8 |       |       |       ||     8
       Buckler           |    12 |    54 |   197 |   152 ||   415
       Reflection        |       |       |     1 |    10 ||    11
